 Dungeon Crawl Stone Soup version 0.18-a0-1611-g00361b8 (webtiles) character file.

37 Jerry the Skirmisher (level 3, -1/29 HPs)
             Began as a Demonspawn Fighter on Mar 23, 2016.
             Slain by a goblin (3 damage)
             ... led by Robin
             ... on level 2 of the Dungeon.
             The game lasted 00:01:29 (1174 turns).

Jerry the Skirmisher (Demonspawn Fighter)           Turns: 1174, Time: 00:01:31

Health: -1/29      AC:  6    Str: 21    XL:     3   Next: 23%
Magic:  3/3        EV:  7    Int: 10    God:
Gold:   8          SH:  9    Dex: 12    Spells: 0 memorised, 2 levels left

rFire  . . .     SeeInvis .     g - +0 whip
rCold  . . .     Gourm    .     b - +0 scale mail
rNeg   . . .     Faith    .     c - +0 shield
rPois  .         Spirit   .     (no helmet)
rElec  .         Dismiss  .     (no cloak)
rCorr  .         Reflect  .     (no gloves)
SustAt .         Harm     .     (no boots)
MR     .....                    (no amulet)
Stlth  ..........               (no ring)
                                (no ring)

@: mighty, not resistant to hostile enchantments, extremely unstealthy
A: talons 1, rot immunity
a: no special abilities


You were on level 2 of the Dungeon.
You were not hungry.

You visited 1 branch of the dungeon, and saw 2 of its levels.

You collected 8 gold pieces.

Inventory:

Hand Weapons
 a - a +0 flail
 g - a +0 whip (weapon)
Armour
 b - a +0 scale mail (worn)
 c - a +0 shield (worn)
Scrolls
 e - a scroll of identify {unknown}
 i - a scroll of noise {unknown}
 j - a scroll of fog {unknown}
 k - a scroll of enchant armour {unknown}
 m - a scroll of remove curse {unknown}
 o - 3 scrolls of immolation {unknown}
Potions
 h - a potion of ambrosia {unknown}
 l - a potion of agility {unknown}
 p - a potion of degeneration {unknown}
Comestibles
 f - 2 bread rations
 n - a meat ration


   Skills:
 + Level 3.4 Fighting
 + Level 2.2 Maces & Flails
 + Level 3.0 Armour
 + Level 3.0 Shields


You had 2 spell levels left.
You didn't know any spells.

Dungeon Overview and Level Annotations

Branches:
Dungeon (2/15)

Altars:
Dithmenos
Yredelemnul

Annotations:
D:2 Robin


Innate Abilities, Weirdness & Mutations

You have sharp toenails.
You are immune to rotting.


Message History

You kill the goblin!
You block the hobgoblin's attack. The goblin hits you with a dagger.
Robin throws the goblin at you! You block the goblin's attack.
The goblin hits you but does no damage. The goblin hits you.
You hit the goblin.
You kill the goblin!
You block the hobgoblin's attack. The goblin hits you with a dagger.
Robin throws the goblin at you!
* * * LOW HITPOINT WARNING * * *
The goblin hits you.
* * * LOW HITPOINT WARNING * * *
The goblin hits you but does no damage. x2
You closely miss the goblin. Your kick misses the goblin.
The goblin no longer looks unusually strong. x2
The hobgoblin barely misses you. The goblin hits you with a dagger.
* * * LOW HITPOINT WARNING * * *
The goblin hits you.
* * * LOW HITPOINT WARNING * * *
The goblin hits you.
You die...

#........#######
####.#.### #.#.# .
#.# ####.####### #
#.........#
#.######.#.#####.#
#.....g#g#.#
#.ggg@#.#..
##.gggg...#
#gg##...##
#..###....# ....
....... .....
...#### .......
#..# #..._.. #.#
.......


You could see Robin, 2 hobgoblins and 8 goblins.

Vanquished Creatures
  An adder (D:2)
  2 dart slugs (D:1)
  3 goblins (D:2)
  2 hobgoblins (D:1)
  4 jackals (D:2)
  5 kobolds (D:1)
  2 bats (D:1)
  A giant newt (D:2)
  3 rats (D:1)
23 creatures vanquished.

Notes
Turn   | Place    | Note
--------------------------------------------------------------
     0 | D:1      | Jerry the Demonspawn Fighter began the quest for the Orb.
     0 | D:1      | Reached XP level 1. HP: 18/18 MP: 1/1
   328 | D:1      | Gained mutation: You are immune to rotting. [demonic ancestry]
   328 | D:1      | Reached XP level 2. HP: 17/24 MP: 2/2
   891 | D:2      | Found a basalt altar of Yredelemnul.
   982 | D:2      | Gained mutation: You have sharp toenails. [demonic ancestry]
   982 | D:2      | Reached XP level 3. HP: 15/29 MP: 3/3
  1163 | D:2      | Found a shadowy altar of Dithmenos.
  1163 | D:2      | Noticed Robin
  1174 | D:2      | Slain by a goblin

Vault maps used:
D:1:      dpeg_arrival_another_circle
D:2:      nicolae_overflow_crystal_walls, nicolae_dithmenos_shadow_blocks,
          old_standard_altar, minmay_bad_closet, uniq_robin, uniq_jessica

Skill      XL: |  1  2 |
---------------+-------+-----
Maces & Flails | 2 |  2.2
Shields        | 3 |  3.0
Armour         | 3 |  3.0
Fighting       | |  3.4

Action                   || total
-------------------------++-------
Melee: Whip              ||    73
       Flail             ||    14
  Use: Potion            ||     1
  Eat: Chunk             ||     1
